 Dungeon Crawl Stone Soup version 0.31-a0-699-g830162fb6c (webtiles) character file.

Game seed: 12339220099765850957

65 qw the Shooter (level 4, -4/28 HPs)
             Began as a Gargoyle Hunter on Sept 7, 2023.
             Slain by Sigmund
             ... wielding a +0 scythe
              (6 damage)
             ... on level 3 of the Dungeon.
             The game lasted 00:00:30 (1132 turns).

qw the Shooter (Gargoyle Hunter)                    Turns: 1132, Time: 00:00:30

Health: -4/28      AC:  6    Str: 14    XL:     4   Next: 14%
Magic:  4/4        EV: 11    Int: 10    God:
Gold:   83         SH:  0    Dex: 15    Spells: 3/3 levels left

rFire   . . .        Y - +0 shortbow
rCold   . . .        (shield currently unavailable)
rNeg    + . .        c - +0 leather armour
rPois   inf          (no helmet)
rElec   +            (no cloak)
rCorr   .            (no gloves)
SInv    .            (no boots)
Will    .....        (no amulet)
Stlth   ++           (no ring)
HPRegen 0.24/turn    (no ring)
MPRegen 0.09/turn

%: no passive effects
@: no status effects
A: sickness immunity, AC +3, negative energy resistance 1, electricity
resistance, torment resistance 1, petrification resistance
a: no special abilities


You were on level 3 of the Dungeon.
You visited 1 branch of the dungeon, and saw 3 of its levels.

You collected 83 gold pieces.


Innate Abilities, Weirdness & Mutations

You are immune to sickness and miasma.
Your stone body is resilient. (AC +3)
You are immune to poison.
You resist negative energy. (rN+)
You are resistant to electric shocks. (rElec)
You are resistant to unholy torment.
You are immune to petrification.


   Skills:
 - Level 3.0 Fighting
 + Level 5.2 Ranged Weapons
 - Level 1.5 Dodging
 - Level 1.1 Stealth


You had 3 spell levels left.
You didn't know any spells.
Your spell library was empty.

Inventory:

Hand Weapons
 Y - a +0 shortbow (weapon)
Armour
 c - a +0 leather armour (worn)
 j - a +0 pair of boots
Scrolls
 b - a scroll of identify
 i - a scroll of teleportation {unknown}
Potions
 a - a potion of lignification {unknown}
 d - a potion of cancellation {unknown}
 e - a potion of mutation {unknown}
 f - a potion of magic {unknown}
 h - a potion of heal wounds {unknown}

Dungeon Overview and Level Annotations

Branches:
Dungeon (3/15)

Altars:

Annotations:
D:3 Sigmund


Message History

You kill the rat!
A magic dart appears from out of thin air!
The magic dart hits you.
You hear some strange, mumbled words.
Something tries to affect you, but you resist.
You shoot an arrow. The arrow hits the jackal.
The jackal is heavily wounded.
The jackal closely misses you. x2; Something hits you.
You shoot an arrow. The arrow hits the jackal.
You kill the jackal!
The jackal bites you but does no damage.
You shoot an arrow. The arrow hits the jackal.
The jackal is heavily wounded.
Something hits you but does no damage.
The jackal bites you but does no damage.
You shoot an arrow.
The arrow hits the jackal but does no damage.
The jackal is heavily wounded.
The jackal barely misses you. Something hits you!
The jackal bites you but does no damage.
You shoot an arrow. The arrow barely misses the jackal.
The arrow hits the kobold!
You kill the kobold!
The jackal misses you. Something hits you but does no damage.
The jackal bites you but does no damage.
You shoot an arrow. The arrow hits the jackal.
You kill the jackal!
You hear some strange, mumbled words.
You are confused.
You shoot an arrow. Something hits you.
You shoot an arrow. You shoot an arrow. Something completely misses you.
You shoot an arrow. Something hits you.
You shoot an arrow.
You feel less confused. Something hits you.
You die...

......... .......#
.......### ...
......... ..........
..$...... ..........
##..S..#
.......##.####.{.@.#
................####
........#.......@%)#
......#........###.#
......#.#.......## ).
.<......>....#...[....#
....###.#.............#
)..####.#....#.######
.. ...(.........#.####
. ...####.######.#...
##.# #%#### ...


There were no monsters in sight!

Vanquished Creatures
  An adder (D:2)
  A worm (D:2)
  A dart slug (D:2)
  8 ball pythons
  4 bats
  2 endoplasms (D:2)
  4 giant cockroaches
  4 goblins
  2 hobgoblins (D:3)
  4 jackals (D:3)
  4 quokkas
  5 frilled lizards
  4 kobolds
  7 rats
51 creatures vanquished.

Notes
Turn   | Place    | Note
-------+----------+-------------------------------------------
     0 | D:1      | qw the Gargoyle Hunter began the quest for the Orb.
     0 | D:1      | Reached XP level 1. HP: 12/12 MP: 1/1
     0 | D:1      | 0 ||| qw: Version: 0.3-a-76-g4403597
     0 | D:1      | 0 ||| qw: Game counter: 408
     0 | D:1      | 0 ||| qw: Melee chars always use a shield: true
     0 | D:1      | 0 ||| qw: God list: Okawaru
     0 | D:1      | 0 ||| qw: Allow faded altars: false
     0 | D:1      | 0 ||| qw: Do Orc after clearing Dungeon:15 true
     0 | D:1      | 0 ||| qw: Do second Lair branch before Depths: true
     0 | D:1      | 0 ||| qw: Lair rune preference: random
     0 | D:1      | 0 ||| qw: Goals: Normal
     0 | D:1      | 0 ||| PLANNING D:1-11
    54 | D:1      | Reached XP level 2. HP: 17/17 MP: 2/2
   490 | D:1      | 490 ||| READING 2 scrolls labelled KAOPLA UFAW.
   491 | D:1      | 491 ||| READING scroll labelled KEPOFO RUOGEF.
   504 | D:1      | 504 ||| DRINKING 2 pink potions.
   505 | D:1      | 505 ||| DROPPING scroll of fog.
   506 | D:1      | 506 ||| DROPPING scroll of butterflies.
   578 | D:2      | Reached XP level 3. HP: 21/21 MP: 3/3
   615 | D:2      | Reached skill level 5 in Ranged Weapons
  1007 | D:2      | 1007 ||| READING 2 scrolls labelled WEGODU BELIY.
  1043 | D:3      | Reached skill level 3 in Fighting
  1053 | D:3      | Reached XP level 4. HP: 28/28 MP: 4/4
  1110 | D:3      | Noticed Sigmund
  1112 | D:3      | 1112 ||| DRINKING potion of curing.
  1112 | D:3      | 1112 ||| (to cure confusion)
  1117 | D:3      | 1117 ||| Stepping ~*~*~tactically~*~*~ (outnumbered).
  1128 | D:3      | HP: 4/28 [something (5)]
  1132 | D:3      | Slain by Sigmund

Levels and vault maps discovered:
D:1:      co_arrival_square_in_a_square_in_a_square, layout_basic
D:2:      layout_rooms
D:3:      layout_rooms, nicolae_hepliaklqana_monster_ancestors,
          chequers_serial_rivers_room_b, nicolae_eternal_life, uniq_sigmund,
          uniq_robin

Skill      XL: |  1  2  3 |
---------------+----------+-----
Ranged Weapons | 5 |  5.2
Fighting       | 3 |  3.0
Dodging        | |  1.5
Stealth        | |  1.1

Action                     |  1- 3 |  4- 6 || total
---------------------------+-------+-------++-------
   Fire: Shortbow          |   101 |    21 ||   122
    Use: Scroll            |     3 |       ||     3
         Potion            |     1 |     1 ||     2
 Armour: Leather armour    |     8 |    15 ||    23
  Dodge: Dodged            |    11 |    11 ||    22

Table legend:
 A = Non-vault XP
 B = Vault XP
 C = Vault XP percentage of total XP
 D = Non-vault monster count
 E = Vault monster count
 F = Vault count percentage of total count
                 A         B        C        D         E       F
            +---------+---------+-------+---------+---------+-------
      Total |      94 |       0 |   0.0 |      51 |       0 |   0.0
            +---------+---------+-------+---------+---------+-------
        D:1 |      33 |       0 |   0.0 |      22 |       0 |   0.0
        D:2 |      41 |       0 |   0.0 |      15 |       0 |   0.0
        D:3 |      20 |       0 |   0.0 |      14 |       0 |   0.0
            +---------+---------+-------+---------+---------+-------
